 Dungeon Crawl Stone Soup version 0.28.0-47-ge53b351184 (webtiles) character file.

Game seed: 10103252219731092472

15 bromine the Chopper (level 2, -1/27 HPs)
             Began as a Hill Orc Berserker on May 9, 2022.
             Was a Follower of Trog.
             Succumbed to a kobold's poison
             ... on level 1 of the Dungeon.
             The game lasted 00:00:50 (645 turns).

bromine the Chopper (Hill Orc Berserker)             Turns: 645, Time: 00:00:51

Health: -1/27      AC:  2    Str: 19    XL:     2   Next: 50%
Magic:  2/2        EV: 12    Int:  7    God:    Trog [*.....]
Gold:   21         SH:  0    Dex: 10    Spells: 1/1 levels left

rFire   . . .      SeeInvis .   a - +0 hand axe
rCold   . . .      Faith    .   (no shield)
rNeg    . . .      Spirit   .   b - +0 animal skin
rPois   .          Reflect  .   (no helmet)
rElec   .          Harm     .   (no cloak)
rCorr   .          Rampage  .   (no gloves)
Will    .....                   (no boots)
Stlth   +.........              (no amulet)
HPRegen 0.09/turn               (no ring)
MPRegen 0.08/turn               (no ring)

@: lethally poisoned (-1 -> -7)
A: no striking features
a: Renounce Religion, Berserk


You were on level 1 of the Dungeon.
You worshipped Trog.
Trog was aware of your devotion.
You visited 1 branch of the dungeon, and saw 1 of its levels.

You collected 21 gold pieces.

Inventory:

Hand Weapons
 a - a +0 hand axe (weapon)
Armour
 b - a +0 animal skin (worn)
Scrolls
 c - a scroll of teleportation {unknown}


   Skills:
 + Level 4.0 Fighting
 + Level 4.5 Axes
 + Level 2.3 Armour
 + Level 1.6 Dodging


You had one spell level left.
You didn't know any spells.
Your spell library was empty.

Dungeon Overview and Level Annotations

Branches:
Dungeon (1/15)

Altars:


Message History

The quokka is almost dead.
The quokka bites you.
The quokka bites you but does no damage.
You hit the quokka but do no damage.
The quokka is almost dead.
A kobold comes into view.
It is wielding a +0 dagger and quivering poisoned darts.
The quokka barely misses you.
You barely miss the quokka.
The quokka is almost dead.
The quokka closely misses you. The quokka barely misses you.
You closely miss the quokka.
The quokka is almost dead.
The kobold shouts!
The kobold throws a poisoned dart.
The poisoned dart barely misses you. The quokka completely misses you.
You closely miss the quokka.
The quokka is almost dead.
The quokka barely misses you.
You hit the quokka.
You kill the quokka!
Trog accepts your kill.
The kobold throws a poisoned dart.
The poisoned dart hits you!
You are poisoned.
You feel sick.
The kobold throws a poisoned dart.
The poisoned dart hits you!
You are lethally poisoned!
You feel very sick.
There is an escape hatch in the floor here.
* * * LOW HITPOINT WARNING * * *
You feel very sick.
The kobold throws a poisoned dart.
The poisoned dart closely misses you.
* * * LOW HITPOINT WARNING * * *
You feel sick. The kobold hits you with a +0 dagger.
* * * LOW HITPOINT WARNING * * *
You barely miss the kobold.
* * * LOW HITPOINT WARNING * * *
You feel sick. The kobold closely misses you.
You hit the kobold.
You kill the kobold!
Trog accepts your kill.
You die...

####÷#######.####.#...#..#
#.##.. #.# #. ##.#...#..#
#'#### #.## #. #..#PP.#..#
#.## #..# ##..#####...
#..## ##.# ..........
#...## ## #.#### ....##
##....# ..# #.#.. #....#
#####...... ...#†#.# ##
#)...# +.....<....
#.#.#.###.# #@...#
#####...... #.....#.#.
#....# ##....# ###...#.#
#>...# #...## #.#...#
#....# #..##
##.##########....# #.##
##..# #..........# #+#
#...# #..........# #..#.#
##.........# #..##)#
#.............


There were no monsters in sight!

Vanquished Creatures
  A dart slug (D:1)
  2 ball pythons (D:1)
  2 endoplasms (D:1)
  2 quokkas (D:1)
  2 frilled lizards (D:1)
  3 kobolds (D:1)
  2 rats (D:1)
14 creatures vanquished.

Notes
Turn   | Place    | Note
-------+----------+-------------------------------------------
     0 | D:1      | bromine the Hill Orc Berserker began the quest for the Orb.
     0 | D:1      | Reached XP level 1. HP: 19/19 MP: 1/1
   234 | D:1      | Reached XP level 2. HP: 12/27 MP: 2/2
   644 | D:1      | HP: 1/27 [poisoned by a kobold]
   645 | D:1      | Succumbed to a kobold's poison

Illustrated notes

Levels and vault maps discovered:
D:1:      mrwooster_arrival_arrow, layout_rooms, serial_aquarium,
          aquarium_bridge_long_separate [aquarium_subvault_window,
          aquarium_subvault_wall, aquarium_subvault_bridge,
          aquarium_subvault_window, aquarium_subvault_bridge,
          aquarium_subvault_wall], aquarium_bridge_square
          [aquarium_subvault_bridge, aquarium_subvault_wall,
          aquarium_subvault_window, aquarium_subvault_bridge],
          aquarium_window_fake, aquarium_window_double,
          aquarium_window_corridor_2, aquarium_view_2b, aquarium_view_2b,
          aquarium_pool_1, shapermc_ecumenical_altar_venn

Skill      XL: |  1  2 |
---------------+-------+-----
Fighting       | 4 |  4.0
Axes           | |  4.5
Armour         | |  2.3
Dodging        | |  1.6

Action                   || total
-------------------------++-------
Melee: Hand axe          ||    59
Armor: Animal skin       ||     9
Dodge: Dodged            ||    40
